 Dungeon Crawl Stone Soup version 0.31-a0-187-gba352fbbf7 (webtiles) character file.

Game seed: 9598933495736926230

40 qw the Shooter (level 3, 0/20 HPs)
             Began as a Deep Elf Hunter on June 22, 2023.
             Slain by a goblin
             ... wielding a +0 club
             ... led by Robin
              (4 damage)
             ... on level 2 of the Dungeon.
             The game lasted 00:00:20 (778 turns).

qw the Shooter (Deep Elf Hunter)                     Turns: 778, Time: 00:00:21

Health: 0/20       AC:  3    Str: 10    XL:     3   Next: 30%
Magic:  5/5        EV: 12    Int: 13    God:
Gold:   47         SH:  0    Dex: 18    Spells: 2/2 levels left

rFire   . . .        Y - +0 shortbow
rCold   . . .        (shield currently unavailable)
rNeg    . . .        c - +0 leather armour
rPois   .            (no helmet)
rElec   .            (no cloak)
rCorr   .            (no gloves)
SInv    .            (no boots)
Will    .....        (no amulet)
Stlth   ++           (no ring)
HPRegen 0.23/turn    (no ring)
MPRegen 0.09/turn

%: no passive effects
@: no status effects
A: no striking features
a: no special abilities


You were on level 2 of the Dungeon.
You visited 1 branch of the dungeon, and saw 2 of its levels.

You collected 47 gold pieces.


   Skills:
 - Level 1.5 Fighting
 + Level 6.9 Ranged Weapons
 - Level 2.4 Dodging
 - Level 1.2 Stealth


You had 2 spell levels left.
You didn't know any spells.
Your spell library was empty.

Inventory:

Hand Weapons
 Y - a +0 shortbow (weapon)
Armour
 c - a +0 leather armour (worn)
Scrolls
 a - a scroll of identify
Potions
 b - a potion of magic {unknown}
 d - a potion of might {unknown}
 g - a potion of degeneration {unknown}

Dungeon Overview and Level Annotations

Branches:
Dungeon (2/15)

Altars:

Annotations:
D:2 Robin


Message History

You hear a shout!
The goblin hits you with a +0 club. The goblin hits you but does no damage.
You shoot an arrow. The arrow completely misses the goblin.
The arrow barely misses the hobgoblin.
The goblin closely misses you. x2
You shoot an arrow. The arrow hits the goblin.
You kill the goblin!
The goblin hits you but does no damage.
You shoot an arrow. The arrow hits the goblin!
You kill the goblin!
The goblin closely misses you.
You shoot an arrow. The arrow hits the goblin!
You kill the goblin!
The goblin barely misses you. The hobgoblin misses you.
You shoot an arrow. The arrow barely misses the hobgoblin.
The goblin barely misses you. The hobgoblin closely misses you.
You shoot an arrow. The arrow hits the goblin.
You kill the goblin!
The goblin hits you with a +0 club. The hobgoblin misses you.
You shoot an arrow. The arrow hits the hobgoblin.
The hobgoblin is severely wounded.
Robin roars a battlecry!
The goblins go into a battle-frenzy!
The goblin hits you but does no damage. The hobgoblin barely misses you.
774 ||| Stepping ~*~*~tactically~*~*~ (outnumbered).
You shoot an arrow. The arrow hits the goblin!
You kill the goblin!
The goblin barely misses you.
You shoot an arrow. The arrow hits the hobgoblin!
You kill the hobgoblin!
The goblin barely misses you.
A giant cockroach comes into view.
The hobgoblin hits you but does no damage.
Robin throws the goblin at you! The goblin hits you with a +0 club.
You shoot an arrow. The arrow barely misses the hobgoblin.
The goblin hits you with a +0 club. The goblin hits you but does no damage.
The hobgoblin barely misses you.
You shoot an arrow. The arrow closely misses the hobgoblin.
The goblin hits you with a +0 club.
You die...

#...#..........#
###...#..#...###.# .
#..............#..#
..## ##.#............#
..
.....#........#...#..#
#.....###...........
#...gB)...###....##.
#.....#gg.......#.##
.ggg...#@##...##...#
.ggg####g##%#..# ..#
... #.##.##.... ..
..##.. .... . ......
..... ........ ....
.... ... ......


You could see Robin, a giant cockroach, a hobgoblin (strong) and 2 goblins.

Vanquished Creatures
  2 endoplasms (D:1)
  4 giant cockroaches (D:1)
  9 goblins
  2 hobgoblins
  3 jackals (D:1)
  3 quokkas
  3 bats
  3 frilled lizards
  3 kobolds (D:1)
  3 rats (D:1)
35 creatures vanquished.

Notes
Turn   | Place    | Note
-------+----------+-------------------------------------------
     0 | D:1      | qw the Deep Elf Hunter began the quest for the Orb.
     0 | D:1      | Reached XP level 1. HP: 12/12 MP: 3/3
     0 | D:1      | 0 ||| qw: Version: 0.3-a-9-g12657ce
     0 | D:1      | 0 ||| qw: Game counter: 2529
     0 | D:1      | 0 ||| qw: Always use a shield: true
     0 | D:1      | 0 ||| qw: God list: Okawaru
     0 | D:1      | 0 ||| qw: Allow faded altars: false
     0 | D:1      | 0 ||| qw: Do Orc after D:15 true
     0 | D:1      | 0 ||| qw: Do second Lair branch before Depths: true
     0 | D:1      | 0 ||| qw: Lair rune preference: random
     0 | D:1      | 0 ||| qw: Plans: Normal
     0 | D:1      | 0 ||| PLANNING D:1-11
   116 | D:1      | Reached skill level 6 in Ranged Weapons
   116 | D:1      | Reached XP level 2. HP: 14/16 MP: 4/4
   700 | D:1      | 700 ||| READING 2 scrolls labelled DUVUGA IRGHE.
   701 | D:1      | 701 ||| READING scroll labelled YNUNULISKI.
   702 | D:1      | 702 ||| DROPPING scroll of butterflies.
   732 | D:2      | Reached XP level 3. HP: 20/20 MP: 5/5
   761 | D:2      | Noticed Robin
   764 | D:2      | 764 ||| Stepping ~*~*~tactically~*~*~ (outnumbered).
   774 | D:2      | 774 ||| Stepping ~*~*~tactically~*~*~ (outnumbered).
   777 | D:2      | HP: 4/20 [goblin/+0 club[Robin] (5)]
   778 | D:2      | Slain by a goblin

Levels and vault maps discovered:
D:1:      minmay_arrival_cross, layout_basic, serial_aquarium,
          aquarium_bridge_straight [aquarium_subvault_bridge,
          aquarium_subvault_window, aquarium_subvault_bridge,
          aquarium_subvault_wall], aquarium_window_fake, aquarium_window_fake,
          aquarium_window_corridor_1, aquarium_view_2c, aquarium_view_2d,
          aquarium_pool_2, minmay_hexomino_p4
D:2:      cheibrodos_helix_gallery, layout_rooms, minmay_between, uniq_robin,
          uniq_crazy_yiuf_cottage

Skill      XL: |  1 |
---------------+----+-----
Ranged Weapons | 6 |  6.9
Fighting       | |  1.5
Dodging        | |  2.4
Stealth        | |  1.2

Action                     || total
---------------------------++-------
   Fire: Shortbow          ||    90
    Use: Scroll            ||     2
 Armour: Leather armour    ||    20
  Dodge: Dodged            ||    43

Table legend:
 A = Non-vault XP
 B = Vault XP
 C = Vault XP percentage of total XP
 D = Non-vault monster count
 E = Vault monster count
 F = Vault count percentage of total count
                 A         B        C        D         E       F
            +---------+---------+-------+---------+---------+-------
      Total |      40 |      18 |  31.0 |      24 |      11 |  31.4
            +---------+---------+-------+---------+---------+-------
        D:1 |      36 |       4 |  10.0 |      21 |       3 |  12.5
        D:2 |       4 |      14 |  77.8 |       3 |       8 |  72.7
            +---------+---------+-------+---------+---------+-------
